Map: Vaani Research Station (Void)

Players

Kabutops

  • Race: Protoss Protoss
  • Spawn Location: 12:00

Fropez - Winner!

  • Race: Protoss Protoss
  • League: Gold
  • Spawn Location: 6:00

VOD

Have the link to the VOD?

Description

Time

  • Played on: Dec. 12, 2016, 6:53 p.m.
  • Length: 6:49
Show
View Real Time Build Order
Export as new Build Order

Kabutops Protoss 

Build Orders:  

Get SALT Encoding   

  12  0:02  Probe (Chrono Boost)  
  13  0:13  Probe (Chrono Boost)  
  14  0:22  Pylon  
  14  0:27  Probe (Chrono Boost)  
  15  0:40  Probe (Chrono Boost)  
  16  0:50  Gateway  
  16  0:51  Probe (Chrono Boost)  
  16  0:54  Assimilator  
  17  1:02  Probe (Chrono Boost)  
  18  1:10  Pylon  
  18  1:12  Probe (Chrono Boost)  
  19  1:23  Probe (Chrono Boost)  
  20  1:33  Probe (Chrono Boost)  
  20  1:34  Gateway  
  20  1:37  Zealot  
  23  1:44  Probe (Chrono Boost)  
  24  1:48  Cybernetics Core  
  24  1:53  Assimilator  
  24  2:03  Pylon  
  24  2:05  Zealot  
  26  2:16  Probe (Chrono Boost)  
  27  2:25  Warp Gate (Chrono Boost)  
  27  2:32  Zealot  
  27  2:33  Gateway  
  27  2:36  Gateway  
  29  2:42  Stalker  
  31  2:55  Pylon  
  31  2:59  Zealot  
  33  3:23  Robotics Facility  
  33  3:26  Zealot  
  35  3:31  Zealot  
  37  3:41  Forge  
  39  4:09  Pylon  
  39  4:11  Pylon  
  37  4:21  Observer (Chrono Boost)  
  32  4:32  Protoss Ground Weapons Level 1  
  26  4:41  Immortal (Chrono Boost)  
  26  4:43  Probe  
  30  4:55  Probe, Zealot  
  33  5:07  Probe  
  34  5:14  Photon Cannon  
  34  5:19  Probe (Chrono Boost)  
  35  5:30  Probe (Chrono Boost)  
  36  5:39  Stalker  
  36  5:41  Probe (Chrono Boost)  
  34  5:59  Stalker  
  34  6:00  Stalker  
  22  6:22  Stalker  
Show
View Real Time Build Order
Export as new Build Order

Fropez Protoss - Winner!

Build Orders: Oracle Opening 

Get SALT Encoding   

  12  0:01  Probe (Chrono Boost)  
  13  0:11  Probe (Chrono Boost)  
  14  0:21  Pylon  
  14  0:22  Probe (Chrono Boost)  
  15  0:39  Probe (Chrono Boost)  
  17  0:50  Probe (Chrono Boost)  
  17  0:51  Gateway  
  17  0:53  Gateway  
  17  1:00  Probe (Chrono Boost)  
  18  1:05  Assimilator  
  18  1:11  Probe (Chrono Boost)  
  19  1:21  Probe (Chrono Boost)  
  20  1:30  Assimilator  
  20  1:33  Probe (Chrono Boost)  
  20  1:39  Cybernetics Core  
  21  1:44  Probe (Chrono Boost)  
  22  1:54  Probe (Chrono Boost)  
  22  2:00  Nexus  
  23  2:24  Stargate  
  23  2:28  Pylon  
  23  2:41  Pylon  
  23  2:46  Probe (Chrono Boost)  
  23  2:47  Protoss Air Weapons Level 1 (Chrono Boost)  
  24  2:54  Assimilator  
  24  2:58  Probe  
  25  3:06  Stalker  
  25  3:10  Probe  
  25  3:11  Oracle (Chrono Boost)  
  31  3:14  Probe  
  32  3:25  Probe  
  32  3:26  Probe  
  34  3:38  Probe  
  35  3:42  Oracle (Chrono Boost)  
  35  3:43  Pylon  
  38  3:51  Probe x2  
  40  4:04  Probe  
  40  4:06  Stargate  
  40  4:08  Pylon, Probe  
  42  4:16  Probe  
  43  4:32  Warp Gate (Chrono Boost)  
  43  4:46  Oracle (Chrono Boost)  
  43  4:49  Oracle (Chrono Boost)  
  49  4:54  Stalker x2  
  53  5:14  Oracle (Chrono Boost)  
  56  5:24  Probe x2  
  58  5:34  Assimilator  
  58  5:35  Pylon  
  58  5:40  Pylon  
  58  6:24  Adept  
Tags
 
Add a new tag
Caveats
  • Supply blocks, unpowered buildings, or Contaminate may cause inaccurate times.
  • Supply counts are checked every 10 seconds.